 Dungeon Crawl Stone Soup version 0.27.1-33-g824d729ab1 (webtiles) character file.

Game seed: 11004963670012871386

85 SeanCanFly the Cudgeller (level 4, 0/41 HPs)
             Began as a Minotaur Monk on Nov 25, 2021.
             Slain by Sigmund (12 damage)
             ... on level 2 of the Dungeon.
             The game lasted 00:02:57 (1795 turns).

SeanCanFly the Cudgeller (Minotaur Monk)            Turns: 1795, Time: 00:02:58

Health: 0/41       AC:  6    Str: 17    XL:     4   Next: 25%
Magic:  3/3        EV: 10    Int:  7    God:
Gold:   60         SH:  0    Dex: 12    Spells: 3/3 levels left

rFire    . . .     SeeInvis .   l - +0 flail
rCold    . . .     Faith    .   (no shield)
rNeg     . . .     Spirit   .   m - +0 scale mail {rPois}
rPois    +         Reflect  .   (helmet restricted)
rElec    .         Harm     .   (no cloak)
rCorr    .         Rampage  .   (no gloves)
Will     .....                  (no boots)
Stlth    ..........             (no amulet)
HPRegen  0.13/turn              (no ring)
MPRegen  0.08/turn              (no ring)

@: no status effects
A: horns 2, retaliatory headbutt
a: no special abilities


You were on level 2 of the Dungeon.
You visited 1 branch of the dungeon, and saw 2 of its levels.

You collected 60 gold pieces.

Inventory:

Hand Weapons
 a - a +0 mace
 l - a +0 flail (weapon)
Missiles
 e - 2 throwing nets (quivered)
Armour
 b - a +0 robe
 h - a +0 ring mail
 k - a +0 scale mail
 m - a +0 scale mail of poison resistance (worn)
Scrolls
 c - a scroll of acquirement {unknown}
 d - a scroll of teleportation {unknown}
 g - 4 scrolls of identify {unknown}
 i - a scroll of enchant weapon {unknown}
 j - a scroll of blinking {unknown}
Potions
 f - 2 potions of curing {unknown}


   Skills:
 + Level 4.3 Fighting
 * Level 5.1 Maces & Flails
 + Level 2.1 Armour
 - Level 3.2 Dodging
 - Level 1.5 Stealth


You had 3 spell levels left.
You didn't know any spells.
Your spell library contained the following spells:

 Spells                   Type           Power      Damage    Failure   Level
 Gell's Gravitas          Tloc           0%         N/A       99%         3
 Lesser Beckoning         Tloc           0%         N/A       99%         3
 Teleport Other           Tloc           0%         N/A       99%         3


Dungeon Overview and Level Annotations

Branches:
Dungeon (2/15)

Altars:
Fedhas

Annotations:
D:2 Sigmund


Innate Abilities, Weirdness & Mutations

You have a pair of horns on your head.
You reflexively headbutt those who attack you in melee.


Message History

You see here a ball python corpse.
A quokka comes into view.
The quokka moves out of view.
A quokka is nearby!
You closely miss the quokka. Your headbutt misses the quokka.
The quokka misses you.
You barely miss the quokka. You headbutt the quokka.
You kill the quokka!
You now have 60 gold pieces (gained 10).
An adder comes into view.
An adder is nearby!
The adder bites you but does no damage. x2
You barely miss the adder. The adder bites you but does no damage.
You sock the adder! You headbutt the adder.
You kill the adder!
You see here an adder corpse.
Sigmund the Dreaded comes into view.
He is wielding a +0 scythe and wearing a +2 robe of cold resistance.
Sigmund misses you. You furiously retaliate!
You headbutt Sigmund, but do no damage.
Sigmund is nearby!
You closely miss Sigmund. You barely miss Sigmund.
Sigmund drinks a potion.
Sigmund seems to speed up.
Sigmund barely misses you.
You closely miss Sigmund.
Sigmund mumbles some strange words.
Sigmund flickers and vanishes!
Deactivating autopickup; reactivate with Ctrl-A.
Something hits you.
You see here an adder corpse.
Something hits you. Something hits you.
A kobold comes into view. It is wielding a +0 whip.
The kobold shouts!
Something hits you but does no damage. Something hits you. Something hits you!
You closely miss something. Something hits you!
* * * LOW HITPOINT WARNING * * *
You completely miss something. Something hits you!
You die...

#.#.# ### ## #.#.# ..#
#. # #.#.#####.# #.
#.#.#....##.# #.
#.#.#.....#.# #####.
##...#†#.....#####...).
#......#...#.....#.####
##.....#........†'.#
##...@#.#.#.....###
##...{K#.......#
###.#.#....#### ####
..........# #...
+##........######...
....##...##....†..
....##...##.......
....## ..##......>
....# ###(......


You could see a kobold.

Vanquished Creatures
  Terence (D:2)
  3 adders (D:2)
  3 ball pythons (D:2)
  2 bats (D:2)
  4 endoplasms
  2 giant cockroaches (D:2)
  2 goblins
  A hobgoblin (D:1)
  4 jackals (D:1)
  2 quokkas (D:2)
  3 frilled lizards
  4 rats
31 creatures vanquished.

Notes
Turn   | Place    | Note
-------+----------+-------------------------------------------
     0 | D:1      | SeanCanFly the Minotaur Monk began the quest for the Orb.
     0 | D:1      | Reached XP level 1. HP: 19/19 MP: 0/0
   223 | D:1      | Reached skill level 4 in Maces & Flails
   223 | D:1      | Reached XP level 2. HP: 19/27 MP: 1/1
   400 | D:1      | Reached skill level 1 in Armour
   995 | D:2      | Found a blossoming altar of Fedhas.
  1209 | D:2      | Reached XP level 3. HP: 33/33 MP: 2/2
  1462 | D:2      | Noticed Terence
  1477 | D:2      | Killed Terence
  1641 | D:2      | Reached skill level 5 in Maces & Flails
  1641 | D:2      | Reached XP level 4. HP: 37/40 MP: 3/3
  1779 | D:2      | Noticed Sigmund
  1795 | D:2      | Slain by Sigmund

Illustrated notes

Levels and vault maps discovered:
D:1:      psy_arrival_dodecagon, layout_loops_ring, minivault_23
D:2:      layout_basic, basic_altar, due_unseen_surprise, uniq_sigmund,
          uniq_terence

Skill      XL: |  1  2  3 |
---------------+----------+-----
Maces & Flails | 4 5 |  5.1
Armour         | 1 2 |  2.1
Fighting       | 4 |  4.3
Dodging        | |  3.2
Stealth        | |  1.5

Action                   |  1- 3 |  4- 6 || total
-------------------------+-------+-------++-------
Melee: Mace              |    55 |       ||    55
       Headbutt          |     9 |     4 ||    13
       Flail             |     4 |    13 ||    17
 Stab: Sleeping          |     4 |       ||     4
Armor: Robe              |     5 |       ||     5
       Ring mail         |     3 |       ||     3
       Scale mail        |     8 |     7 ||    15
Dodge: Dodged            |    37 |     3 ||    40
